 Dungeon Crawl Stone Soup version 0.31-a0-66-ge618eeaa78 (webtiles) character file.

Game seed: 507297911073919690

182 funkygono the Chopper (level 5, 0/46 HPs)
             Began as a Minotaur Fighter on May 22, 2023.
             Engulfed by Sigmund's steam (5 damage)
             ... on level 3 of the Dungeon.
             The game lasted 00:04:01 (1922 turns).

funkygono the Chopper (Minotaur Fighter)            Turns: 1922, Time: 00:04:01

Health: 0/46       AC:  9    Str: 22    XL:     5   Next: 35%
Magic:  4/4        EV:  9    Int:  5    God:
Gold:   94         SH:  5    Dex: 16    Spells: 4/4 levels left

rFire   . . .        a - +1 war axe
rCold   . . .        c - +0 buckler
rNeg    . . .        b - +0 scale mail
rPois   .            (helmet restricted)
rElec   .            (no cloak)
rCorr   .            i - +1 pair of gloves
SInv    .            (no boots)
Will    .....        (no amulet) Stlth
                     l - +6 ring of dexterity
HPRegen 0.27/turn    (no ring)
MPRegen 0.09/turn

%: no passive effects
@: very slow
A: horns 2, retaliatory headbutt
a: no special abilities


You were on level 3 of the Dungeon.
You visited 1 branch of the dungeon, and saw 3 of its levels.

You collected 94 gold pieces.

Inventory:

Hand Weapons
 a - a +1 war axe (weapon)
Missiles
 m - 4 curare-tipped darts (quivered)
 o - 6 poisoned darts
Armour
 b - a +0 scale mail (worn)
 c - a +0 buckler (worn)
 i - a +1 pair of gloves (worn)
Jewellery
 l - a +6 ring of dexterity (left hand)
Scrolls
 k - a scroll of teleportation
Potions
 d - a potion of might
 f - 4 potions of curing
 g - 2 potions of attraction
 h - 2 potions of mutation


   Skills:
 + Level 4.3 Fighting
 + Level 4.8 Axes
 + Level 4.8 Armour
 + Level 0.5 Dodging
 + Level 4.4 Shields


You had 4 spell levels left.
You didn't know any spells.
Your spell library contained the following spells:

 Spells                   Type           Power      Damage    Failure   Level
 Magic Dart               Conj           0%         1d3       85%         1
 Call Imp                 Summ           0%         N/A       94%         2
 Mephitic Cloud           Conj/Pois/Air  0%         N/A       99%         3


Dungeon Overview and Level Annotations

Branches:
Dungeon (3/15)

Altars:

Annotations:
D:3 Sigmund


Innate Abilities, Weirdness & Mutations

You have a pair of horns on your head.
You reflexively headbutt those who attack you in melee.


Message History

Sigmund is moderately wounded.
Sigmund hits you but does no damage.
You closely miss Sigmund.
Sigmund is moderately wounded.
Sigmund casts a spell at you.
You are confused.
You slash Sigmund!
Sigmund is almost dead.
Sigmund splashes around in the water.
Sigmund attacks as you move away! Sigmund closely misses you.
Sigmund gestures at you while chanting. The puff of flame misses you.
You are engulfed in a cloud of scalding steam.
Sigmund casts a spell.
Sigmund flickers and vanishes!
You barely miss something.
You are engulfed in a cloud of scalding steam.
Something hits you.
There is a strange disturbance nearby!
You bump into the rock wall.
Something hits you.
You barely miss something.
You feel less confused.
You hear a splashing noise.
You barely miss something. You headbutt something.
Something hits you but does no damage.
Your unstable footing causes you to fumble your attack.
Your unstable footing causes you to fumble your attack.
Something hits you.
You barely miss something.
You hear some strange, mumbled words.
A puff of flame appears from out of thin air!
The puff of flame hits you.
Your unstable footing causes you to fumble your attack.
You are engulfed in a cloud of scalding steam.
* * * LOW HITPOINT WARNING * * *
Something hits you.
* * * LOW HITPOINT WARNING * * *
You hit something but do no damage.
You are engulfed in a cloud of scalding steam.
You die...

#..#.......~≈≈~####.##
##.........~≈≈~~##..#
##........~~≈≈~...##
#.........~≈≈~.###
#.........~≈≈~~#
#.....>...~~≈≈~#
##.........~≈≈~#
#.........~≈≈~#
#..>......~≈≈@#
#.....?..~~≈≈{#
##.....).~≈≈~~#
##......~≈≈~##
######~~≈≈~# #~≈≈~~..
#~~≈≈~... .~≈≈~~###
#~≈≈~##


There were no monsters in sight!

Vanquished Creatures
  An ogre (D:3)
  2 adders
  2 worms (D:2)
  A dart slug (D:2)
  5 bats
  6 endoplasms
  14 goblins
  6 hobgoblins
  2 jackals (D:2)
  12 ball pythons
  3 frilled lizards
  4 kobolds
  6 rats
64 creatures vanquished.

Notes
Turn   | Place    | Note
-------+----------+-------------------------------------------
     0 | D:1      | funkygono the Minotaur Fighter began the quest for the Orb.
     0 | D:1      | Reached XP level 1. HP: 19/19 MP: 0/0
   257 | D:1      | Reached XP level 2. HP: 27/27 MP: 1/1
   327 | D:1      | Found a faded altar of an unknown god.
   903 | D:2      | Reached XP level 3. HP: 32/33 MP: 2/2
  1525 | D:2      | Reached XP level 4. HP: 40/40 MP: 3/3
  1638 | D:3      | Noticed an ogre
  1651 | D:3      | Killed an ogre
  1652 | D:3      | Reached XP level 5. HP: 17/46 MP: 4/4
  1782 | D:3      | Noticed Sigmund
  1922 | D:3      | Engulfed by Sigmund's steam

Illustrated notes

Levels and vault maps discovered:
D:1:      nagdon_arrival_double_spiral, layout_basic,
          shapermc_ecumenical_altar_starsandcircs, minmay_pentomino_q2
D:2:      minmay_recursive_quarters, layout_loops_ring,
          chequers_serial_rivers_small_3, uniq_crazy_yiuf_cottage
D:3:      wander_river, layout_rooms, mainiacjoe_overflow_big_doors,
          minmay_ogre_servants, uniq_sigmund

Skill      XL: |  1  2  3  4 |
---------------+-------------+-----
Armour         | 4 |  4.8
Axes           | 3 4 |  4.8
Fighting       | 4 |  4.3
Shields        | 4 |  4.4
Dodging        | |  0.5

Action                     |  1- 3 |  4- 6 || total
---------------------------+-------+-------++-------
  Melee: War axe           |    83 |    41 ||   124
         Headbutt          |     9 |     5 ||    14
  Throw: Dart              |     1 |       ||     1
    Use: Scroll            |     3 |     5 ||     8
 Armour: Scale mail        |    33 |    20 ||    53
  Dodge: Dodged            |    31 |    14 ||    45
  Block: Buckler           |    18 |     8 ||    26

Table legend: (Time is in decaauts)
 A = Elapsed time spent in this place.
 B = Non-inter-level travel time spent in this place.
 C = Inter-level travel time spent in this place.
 D = Time resting spent in this place.
 E = Time spent auto-exploring this place.
 F = Levels seen in this place.
 G = Mean time per level.
                   A        B        C        D        E       F      G
               +--------+--------+--------+--------+--------+-----+--------+
         Total |   1975 |   1961 |     14 |     98 |   1358 |   3 |  658.3 |
       Dungeon |   1975 |   1961 |     14 |     98 |   1358 |   3 |  658.3 |
               +--------+--------+--------+--------+--------+-----+--------+

Top non-repeatable levels by time:
     D:1: 825 daAuts
     D:2: 805 daAuts
     D:3: 344 daAuts
